 Dungeon Crawl Stone Soup version 0.23.1 (webtiles) character file.

Game seed: 16590162170273033882

949 Marnok the Chopper (level 7, -4/61 HPs)
             Began as a Minotaur Fighter on Mar 14, 2019.
             Was a Believer of Qazlal.
             Slain by an orc warrior
             ... wielding a +0 dire flail
              (19 damage)
             ... on level 6 of the Dungeon.
             The game lasted 00:22:35 (3316 turns).

Marnok the Chopper (Minotaur Fighter)               Turns: 3316, Time: 00:22:35

Health: -4/61      AC:  8    Str: 22    XL:     7   Next: 89%
Magic:  6/6        EV: 10    Int:  9    God:    Qazlal [**....]
Gold:   305        SH: 13    Dex: 10    Spells: 6/6 levels left

rFire    . . .     SeeInvis +   a - +3 war axe
rCold    + + +     Gourm    .   c - +1 shield
rNeg     . . .     Faith    .   k - +4 skin of Zhor {Hibernate rC+++ SInv}
rPois    .         Spirit   .   (helmet restricted)
rElec    .         Reflect  .   y - +0 cloak
rCorr    .         Harm     .   s - +0 pair of gloves
MR       .....                  (no boots)
Stlth    +.........             (no amulet)
HPRegen  0.20/turn              r - ring of flight
MPRegen  0.10/turn              v - +4 ring of intelligence

@: no status effects
A: retaliatory headbutt, horns 2
a: Upheaval, Renounce Religion, Evoke Flight


You were on level 6 of the Dungeon.
You worshipped Qazlal.
Qazlal was pleased with you.
You were not hungry.

You visited 1 branch of the dungeon, and saw 7 of its levels.

You collected 305 gold pieces.

Inventory:

Hand Weapons
 a - a +3 war axe (weapon)
 h - a +2 dagger of venom
 o - the +5 hand axe "Hell-Harrower" {flame, rN+ MR- Int+7 Dex-3, unknown}
   (You found it on level 6 of the Dungeon)

   It has been specially enchanted to burn those struck by it, causing extra
   injury to most foes and up to half again as much damage against particularly
   susceptible opponents.
   Big, fiery blades are also staple armaments of hydra-hunters.
   It affects your intelligence (+7).
   It affects your dexterity (-3).
   It protects you from negative energy.
   It affects your resistance to hostile enchantments.
 t - a +0 hand axe of venom
Missiles
 u - 4 tomahawks (quivered)
Armour
 b - a +0 scale mail
 c - a +1 shield (worn)
 k - the +4 skin of Zhor (worn) {Hibernate rC+++ SInv}
   (You found it on level 4 of the Dungeon)

   It renders you almost immune to cold.
   It lets you see invisible.
 s - a +0 pair of gloves (worn)
 y - a +0 cloak (worn)
Jewellery
 r - a ring of flight (left hand)
 v - a +4 ring of intelligence (right hand)
Scrolls
 d - 2 scrolls of amnesia
 e - a scroll of fear {unknown}
 i - 2 scrolls of identify
 j - a scroll of enchant armour
 q - 2 scrolls of teleportation
Potions
 g - 2 potions of berserk rage {unknown}
 m - 2 potions of might
 n - a potion of cancellation {unknown}
 p - a potion of haste
Comestibles
 f - 15 rations


   Skills:
 + Level 5.5 Fighting
 + Level 7.6 Axes
 + Level 5.3 Armour
 + Level 2.4 Dodging
 + Level 0.5 Stealth
 + Level 5.9 Shields


You had 6 spell levels left.
You didn't know any spells.
Your spell library contained the following spells:

 Spells                   Type           Power        Failure   Level  Hunger
 Animate Skeleton         Necr           N/A          78%         1    ##.....
 Pain                     Necr           #...         78%         1    ##.....
 Regeneration             Chrm/Necr      #.........   98%         3    ####...
 Vampiric Draining        Necr           #.........   98%         3    ####...
 Animate Dead             Necr           N/A          100%        4    #####..


Dungeon Overview and Level Annotations

Branches:
Dungeon (7/15)             Temple (0/1) D:4

Altars:
Elyvilon
Gozag
Makhleb
Nemelex Xobeh
Qazlal
Ru
Trog
Uskayaw
Wu Jian
Xom
Yredelemnul
Zin

Shops:
D:6 ([:


Innate Abilities, Weirdness & Mutations

You reflexively headbutt those who attack you in melee.
You have a pair of horns on your head.


Message History

You feel strangely unstable.
The orc warrior hits you with a +0 dire flail.
* * * LOW HITPOINT WARNING * * *
Your surroundings suddenly seem different.
You hear a shout! x2
You radiate an aura of cold.
The orc warrior seems to slow down.
You start resting.
The orc warrior is too close now for your liking.
As you read the scroll of teleportation, it crumbles to dust.
You feel strangely unstable.
The orc warrior hits you with a +0 battleaxe.
* * * LOW HITPOINT WARNING * * *
You radiate an aura of cold.
The orc warrior seems to slow down.
Your surroundings suddenly seem different.
You hit the orc warrior but do no damage.
The orc warrior is severely wounded.
You radiate an aura of cold.
The orc warrior seems to slow down.
The orc seems to slow down.
The orc wizard seems to slow down.
The orc warrior hits you with a +0 dire flail!!
You die...

#≈ ##o## # # #≈##≈.≈##≈#
###.# .# #≈≈≈≈.≈≈≈≈# ....#
#.## #.#...#####
.#####...# # ##. ##.##
.......#.... .# ##o#
.ooo)5...# .###o######
######...#.#####.#.......#
.# .........@.######.# .#
.#....###o.......# .# ###
#######..# ## #####..# #
#......# # #......# #
#..###.# #.. #.#
#..###.###


You could see an orc warrior, an orc wizard (invisible) and an orc.

Vanquished Creatures
  A sky beast (D:5)
  An ogre (D:6)
  2 scorpions (D:4)
  A howler monkey (D:5)
  4 crimson imps
  2 orc priests
  2 hounds
  A bullfrog skeleton (D:5)
  An iguana (D:4)
  3 orc wizards
  3 worker ants
  6 adders
  A gnoll (D:1)
  2 oozes (D:4)
  An adder zombie (D:5)
  2 worms (D:2)
  3 dart slugs
  3 leopard geckos
  13 orcs
  3 giant cockroaches
  10 goblins
  3 hobgoblins (D:1)
  4 jackals
  5 quokkas
  2 ball pythons
  5 bats
  6 frilled lizards
  10 kobolds
  3 rats
103 creatures vanquished.

Notes
Turn   | Place    | Note
-------+----------+-------------------------------------------
     0 | D:1      | Marnok the Minotaur Fighter began the quest for the Orb.
     0 | D:1      | Reached XP level 1. HP: 19/19 MP: 0/0
   195 | D:1      | Reached XP level 2. HP: 20/27 MP: 1/1
   313 | D:1      | Reached skill level 3 in Axes
   313 | D:1      | Reached XP level 3. HP: 22/33 MP: 2/2
   972 | D:3      | Found a bloodstained altar of Trog.
   972 | D:3      | Found an ornate altar of the Wu Jian Council.
   972 | D:3      | Found a stormy altar of Qazlal.
   972 | D:3      | Found a burning altar of Makhleb.
   988 | D:3      | Found a sparkling altar of Nemelex Xobeh.
   988 | D:3      | Found a white marble altar of Elyvilon.
  1009 | D:3      | Became a worshipper of Qazlal Stormbringer
  1176 | D:2      | Found a sacrificial altar of Ru.
  1177 | D:2      | Reached XP level 4. HP: 40/40 MP: 3/3
  1457 | D:2      | Found a basalt altar of Yredelemnul.
  1621 | D:4      | Reached skill level 4 in Axes
  1626 | D:4      | Reached skill level 1 in Dodging
  1626 | D:4      | Reached XP level 5. HP: 9/47 MP: 4/4
  1970 | D:4      | Found a staircase to the Ecumenical Temple.
  1972 | D:4      | Found a shimmering altar of Xom.
  2033 | D:4      | Found a shimmering altar of Xom.
  2129 | D:4      | Reached skill level 5 in Axes
  2129 | D:4      | Reached XP level 6. HP: 44/53 MP: 5/5
  2131 | D:4      | Reached skill level 5 in Shields
  2131 | D:4      | Reached skill level 5 in Armour
  2131 | D:4      | Reached * piety under Qazlal
  2329 | D:4      | Found a shimmering altar of Xom.
  2341 | D:4      | Found the +4 skin of Zhor {Hibernate rC+++ SInv}
  2395 | D:5      | Entered Level 5 of the Dungeon
  2403 | D:5      | Reached skill level 6 in Axes
  2411 | D:5      | Noticed a sky beast
  2422 | D:5      | Killed a sky beast
  2422 | D:5      | Reached XP level 7. HP: 44/60 MP: 6/6
  2519 | D:5      | Found a hide-covered altar of Uskayaw.
  2519 | D:5      | Found an opulent altar of Gozag.
  2545 | D:5      | Reached skill level 5 in Fighting
  2634 | D:6      | Found Tubbagutoh's Antique Armour Emporium.
  2645 | D:6      | Reached skill level 7 in Axes
  2872 | D:6      | Found Essuqeih's Antique Weapon Shoppe.
  2916 | D:6      | Found Cagootuipt's Book Emporium.
  2990 | D:5      | Found a glowing silver altar of Zin.
  3052 | D:6      | Got a scorched hand axe
  3063 | D:6      | Reached ** piety under Qazlal
  3316 | D:6      | Slain by an orc warrior

Skill      XL: |  1  2  3  4  5  6  7 |
---------------+----------------------+-----
Fighting       | 4 5 |  5.5
Armour         | 4 5 |  5.3
Shields        | 4 5 |  5.9
Axes           | 3 4 5 6 7 |  7.6
Dodging        | 1 2 |  2.4
Stealth        | |  0.5

Action                   |  1- 3 |  4- 6 |  7- 9 || total
-------------------------+-------+-------+-------++-------
Melee: War axe           |   125 |    89 |    76 ||   290
       Headbutt          |    14 |    11 |     7 ||    32
  Use: Potion            |     1 |    11 |     1 ||    13
       Scroll            |       |    10 |     3 ||    13
 Stab: Paralysed         |       |     1 |       ||     1
  Eat: Chunk             |     1 |     4 |     3 ||     8
Armor: Scale mail        |    61 |    31 |       ||    92
       Animal skin       |       |     1 |     8 ||     9
Dodge: Dodged            |    30 |    30 |    13 ||    73
Block: Shield            |    74 |    44 |    35 ||   153
